TOP OF THE 1ST |
Buckhead Bowties batting - Pitching for Chicago Gold Sox : RHP Tom McKee
|
Pitching: RHP Tom McKee
|
|
Batting: LHB José Valéncia
|
0-0: Ball 1-0: Ground out 4-3 (Groundball, 4)
|
Batting: LHB Yu-zeng Si
|
0-0: Ball 1-0: Called Strike 1-1: Swinging Strike 1-2: Strikes out looking
|
Batting: RHB Derek Bangert
|
0-0: Ball 1-0: Ball 2-0: Foul Ball, location: 2F 2-1: Swinging Strike 2-2: Foul Ball, location: 2F 2-2: Ball 3-2: Base on Balls
|
Batting: LHB Shunso Kiyomizu
|
0-0: Called Strike 0-1: Ball 1-1: Ball 2-1: Foul Ball, location: 2F 2-2: Foul Ball, location: 2F 2-2: DOUBLE (Line Drive, 89S) Derek Bangert to third Runner from 3rd tries for Home, SAFE, no throw
|
Batting: RHB Richard Jost
|
0-0: Ball 1-0: Called Strike 1-1: Ball 2-1: Fly out, F7 (Line Drive, 7LM)
|
Top of the 1st over - 1 run, 1 hit, 0 errors, 1 left on base; Buckhead 1 - Chicago 0 |
BOTTOM OF THE 1ST |
Chicago Gold Sox batting - Pitching for Buckhead Bowties : RHP José García
|
Pitching: RHP José García
|
|
Batting: RHB Mario Álvarez
|
0-0: Ball 1-0: Ball 2-0: Ball 3-0: Base on Balls
|
Batting: RHB Ramón Rodríguez
|
0-0: Called Strike Mario Álvarez steals 2nd base 0-1: Ball 1-1: Ball 2-1: Ball 3-1: Ground out 6-3 (Groundball, 6) Mario Álvarez to third
|
Batting: LHB William O'Keefe
|
0-0: Ball 1-0: Ball 2-0: Fly out, F9 (Flyball, 9) Runner from 3rd tags up, OUT at HOME
|
Bottom of the 1st over - 0 runs, 0 hits, 0 errors, 0 left on base; Buckhead 1 - Chicago 0 |
TOP OF THE 2ND |
Buckhead Bowties batting - Pitching for Chicago Gold Sox : RHP Tom McKee
|
Batting: RHB Daniel McCoy
|
0-0: Called Strike 0-1: Swinging Strike 0-2: Ground out 6-3 (Groundball, 6)
|
Batting: LHB Félix López
|
0-0: Ball 1-0: Ball 2-0: Called Strike 2-1: Foul Ball, location: 2F 2-2: Strikes out swinging
|
Batting: RHB Raúl Ruíz
|
0-0: Called Strike 0-1: Foul Ball, location: 2F 0-2: Ball 1-2: Ball 2-2: Strikes out swinging
|
Top of the 2nd over - 0 runs, 0 hits, 0 errors, 0 left on base; Buckhead 1 - Chicago 0 |
BOTTOM OF THE 2ND |
Chicago Gold Sox batting - Pitching for Buckhead Bowties : RHP José García
|
Batting: RHB Shimei Miura
|
0-0: Foul Ball, location: 2F 0-1: Foul Ball, location: 2F 0-2: Strikes out looking
|
Batting: SHB Lupo Cotto
|
0-0: Ball 1-0: Ball 2-0: Ball 3-0: Called Strike 3-1: Fly out, F4 (Popup, 4S)
|
Batting: LHB Shigenobu Ohayashi
|
0-0: Ball 1-0: Ball 2-0: Ball 3-0: Base on Balls
|
Batting: RHB Jay Hood
|
0-0: Foul Ball, location: 2F 0-1: Ball 1-1: Ball 2-1: Ball 3-1: Base on Balls Shigenobu Ohayashi to second
|
Batting: RHB Felix Plugge
|
0-0: Ball 1-0: Ball 2-0: Ground out 1-3 (Groundball, 23)
|
Bottom of the 2nd over - 0 runs, 0 hits, 0 errors, 2 left on base; Buckhead 1 - Chicago 0 |
TOP OF THE 3RD |
Buckhead Bowties batting - Pitching for Chicago Gold Sox : RHP Tom McKee
|
Batting: RHB David Edwards
|
0-0: Foul Ball, location: 2F 0-1: Ball 1-1: Foul Ball, location: 2F 1-2: Strikes out swinging
|
Batting: LHB José Valéncia
|
0-0: Ball 1-0: Ball 2-0: DOUBLE (Line Drive, 9D)
|
Batting: LHB Yu-zeng Si
|
0-0: Ball José Valéncia steals 3rd base 1-0: Ground out 4-3 (Groundball, 34) José Valéncia scores
|
Batting: RHB Derek Bangert
|
0-0: Ball 1-0: Ball 2-0: Ball 3-0: Called Strike 3-1: Base on Balls
|
Batting: LHB Shunso Kiyomizu
|
0-0: DOUBLE (Line Drive, 9LM) Derek Bangert to third Runner from 3rd tries for Home, SAFE, no throw
|
Batting: RHB Richard Jost
|
0-0: Ground out 5-3 (Groundball, 56)
|
Top of the 3rd over - 2 runs, 2 hits, 0 errors, 1 left on base; Buckhead 3 - Chicago 0 |
BOTTOM OF THE 3RD |
Chicago Gold Sox batting - Pitching for Buckhead Bowties : RHP José García
|
Batting: RHB Hirohisa Ogasawara
|
0-0: Ball 1-0: Foul Ball, location: 2F 1-1: Foul Ball, location: 2F 1-2: Ball 2-2: Fly out, F8 (Flyball, 8RM)
|
Batting: RHB Mario Álvarez
|
0-0: Ground out 5-3 (Groundball, 56S)
|
Batting: RHB Ramón Rodríguez
|
0-0: Ball 1-0: Reached on error, E5 (Groundball, 56)
|
Batting: LHB William O'Keefe
|
0-0: SINGLE (Groundball, 4MD) Ramón Rodríguez to second
|
Batting: RHB Shimei Miura
|
0-0: Ball 1-0: Ball 2-0: Ball 3-0: Base on Balls Ramón Rodríguez to third William O'Keefe to second
|
Batting: SHB Lupo Cotto
|
0-0: Ball 1-0: Called Strike 1-1: Ball 2-1: Fly out, F7 (Flyball, 7)
|
Bottom of the 3rd over - 0 runs, 1 hit, 1 error, 3 left on base; Buckhead 3 - Chicago 0 |
TOP OF THE 4TH |
Buckhead Bowties batting - Pitching for Chicago Gold Sox : RHP Tom McKee
|
Batting: RHB Daniel McCoy
|
0-0: Ball 1-0: Ground out 5-3 (Groundball, 56)
|
Batting: LHB Félix López
|
0-0: Foul Ball, location: 2F 0-1: Called Strike 0-2: Ball 1-2: Strikes out swinging
|
Batting: RHB Raúl Ruíz
|
0-0: Ball 1-0: Fly out, F6 (Popup, 6)
|
Top of the 4th over - 0 runs, 0 hits, 0 errors, 0 left on base; Buckhead 3 - Chicago 0 |
BOTTOM OF THE 4TH |
Chicago Gold Sox batting - Pitching for Buckhead Bowties : RHP José García
|
Batting: LHB Shigenobu Ohayashi
|
0-0: Ball 1-0: Swinging Strike 1-1: Foul Ball, location: 2F 1-2: Fly out, F4 (Popup, 34D)
|
Batting: RHB Jay Hood
|
0-0: Called Strike 0-1: Swinging Strike 0-2: SINGLE (Groundball, 6M) (infield hit)
|
Batting: RHB Felix Plugge
|
0-0: Fly out, F6 (Line Drive, 6)
|
Batting: RHB Hirohisa Ogasawara
|
0-0: Ball 1-0: Called Strike 1-1: Foul Ball, location: 2F 1-2: Foul Ball, location: 2F 1-2: Ball 2-2: Ball 3-2: Fly out, F4 (Line Drive, 4)
|
Bottom of the 4th over - 0 runs, 1 hit, 0 errors, 1 left on base; Buckhead 3 - Chicago 0 |
TOP OF THE 5TH |
Buckhead Bowties batting - Pitching for Chicago Gold Sox : RHP Tom McKee
|
Batting: RHB David Edwards
|
0-0: Fly out, F6 (Popup, 6)
|
Batting: LHB José Valéncia
|
0-0: Ball 1-0: Ball 2-0: Called Strike 2-1: Foul Ball, location: 2F 2-2: Ball 3-2: Base on Balls
|
Batting: LHB Yu-zeng Si
|
0-0: Called Strike 0-1: Ball José Valéncia steals 2nd base 1-1: Ground out 6-3 (Groundball, 4MD) José Valéncia to third
|
Batting: RHB Derek Bangert
|
0-0: Ball 1-0: Ball 2-0: Ball 3-0: Called Strike 3-1: Foul Ball, location: 2F 3-2: Ground out 6-3 (Groundball, 6)
|
Top of the 5th over - 0 runs, 0 hits, 0 errors, 1 left on base; Buckhead 3 - Chicago 0 |
BOTTOM OF THE 5TH |
Chicago Gold Sox batting - Pitching for Buckhead Bowties : RHP José García
|
Batting: RHB Mario Álvarez
|
0-0: Ball 1-0: Ball 2-0: Ball 3-0: Called Strike 3-1: Called Strike 3-2: Foul Ball, location: 2F 3-2: Ground out 6-3 (Groundball, 6)
|
Batting: RHB Ramón Rodríguez
|
0-0: Called Strike 0-1: Ball 1-1: Foul Ball, location: 2F 1-2: Ball 2-2: Hit by Pitch
|
Batting: LHB William O'Keefe
|
0-0: Called Strike 0-1: Ball 1-1: Called Strike 1-2: Hit by Pitch Ramón Rodríguez to second
|
Batting: RHB Shimei Miura
|
0-0: Ball 1-0: Ball 2-0: Called Strike 2-1: 3-RUN HOME RUN (Flyball, 7LD), Distance : 376 ft
|
Batting: SHB Lupo Cotto
|
0-0: Ball 1-0: Ball 2-0: Called Strike 2-1: Foul Ball, location: 2F 2-2: SINGLE (Groundball, 34) (infield hit)
|
Batting: LHB Shigenobu Ohayashi
|
0-0: Ball 1-0: Swinging Strike 1-1: Ball 2-1: Ball 3-1: Foul Ball, location: 2F 3-2: Strikes out swinging
|
Batting: RHB Jay Hood
|
0-0: Ball 1-0: Called Strike 1-1: Called Strike 1-2: Ball 2-2: Strikes out swinging
|
Bottom of the 5th over - 3 runs, 2 hits, 0 errors, 1 left on base; Buckhead 3 - Chicago 3 |
TOP OF THE 6TH |
Buckhead Bowties batting - Pitching for Chicago Gold Sox : RHP Tom McKee
|
Batting: LHB Shunso Kiyomizu
|
0-0: Ball 1-0: Ball 2-0: Called Strike 2-1: Foul Ball, location: 2F 2-2: Foul Ball, location: 2F 2-2: Fly out, F4 (Popup, 4S)
|
Pitching: RHP Tomás Huesca
|
|
Batting: RHB Richard Jost
|
0-0: Ball 1-0: Called Strike 1-1: Ball 2-1: Ball 3-1: Called Strike 3-2: Fly out, F4 (Popup, 4M)
|
Batting: RHB Daniel McCoy
|
0-0: Ball 1-0: Swinging Strike 1-1: Foul Ball, location: 2F 1-2: Strikes out looking
|
Top of the 6th over - 0 runs, 0 hits, 0 errors, 0 left on base; Buckhead 3 - Chicago 3 |
BOTTOM OF THE 6TH |
Chicago Gold Sox batting - Pitching for Buckhead Bowties : RHP José García
|
Batting: RHB Felix Plugge
|
0-0: Ball 1-0: Called Strike 1-1: Foul Ball, location: 2F 1-2: Ball 2-2: Fly out, F7 (Flyball, 78S)
|
Batting: RHB Hirohisa Ogasawara
|
0-0: Ball 1-0: Foul Ball, location: 2F 1-1: Ground out 4-3 (Groundball, 4)
|
Batting: RHB Mario Álvarez
|
0-0: Ball 1-0: Foul Ball, location: 2F 1-1: Ball 2-1: Ball 3-1: Ground out 4-3 (Groundball, 4M)
|
Bottom of the 6th over - 0 runs, 0 hits, 0 errors, 0 left on base; Buckhead 3 - Chicago 3 |
TOP OF THE 7TH |
Buckhead Bowties batting - Pitching for Chicago Gold Sox : RHP Tomás Huesca
|
Batting: LHB Félix López
|
0-0: Foul Ball, location: 2F 0-1: Foul Ball, location: 2F 0-2: Fly out, F3 (Popup, 3S)
|
Batting: RHB Raúl Ruíz
|
0-0: Ball 1-0: Swinging Strike 1-1: Swinging Strike 1-2: Strikes out swinging
|
Batting: RHB David Edwards
|
0-0: Ball 1-0: SINGLE (Groundball, 56D)
|
Batting: LHB José Valéncia
|
0-0: Ball 1-0: Ball 2-0: Called Strike 2-1: SINGLE (Groundball, 5D) David Edwards to second
|
Batting: LHB Yu-zeng Si
|
0-0: Called Strike 0-1: Ball 1-1: Fly out, F8 (Line Drive, 8RM)
|
Top of the 7th over - 0 runs, 2 hits, 0 errors, 2 left on base; Buckhead 3 - Chicago 3 |
BOTTOM OF THE 7TH |
Chicago Gold Sox batting - Pitching for Buckhead Bowties : RHP José García
|
Batting: RHB Ramón Rodríguez
|
0-0: Swinging Strike 0-1: Ball 1-1: Ball 2-1: Swinging Strike 2-2: Foul Ball, location: 2F 2-2: Strikes out swinging
|
Batting: LHB William O'Keefe
|
0-0: Foul Ball, location: 2F 0-1: Ball 1-1: Ball 2-1: Foul Ball, location: 2F 2-2: DOUBLE (Line Drive, 9LM)
|
Pitching: LHP Yajirobei Otomo
|
|
Pinch Runner at 2nd Zeus Preckwinkle:
|
|
Batting: RHB Shimei Miura
|
0-0: Ball 1-0: Fly out, F8 (Flyball, 8LD) Runner from 2nd tags up, SAFE at 3rd with throw
|
Batting: SHB Lupo Cotto
|
0-0: Fly out, F8 (Flyball, 8LD)
|
Bottom of the 7th over - 0 runs, 1 hit, 0 errors, 1 left on base; Buckhead 3 - Chicago 3 |
TOP OF THE 8TH |
Buckhead Bowties batting - Pitching for Chicago Gold Sox : RHP Tomás Huesca
|
Batting: RHB Derek Bangert
|
0-0: Ball 1-0: Ball 2-0: Called Strike 2-1: Ball 3-1: Foul Ball, location: 2F 3-2: Ground out 6-3 (Groundball, 6)
|
Batting: LHB Shunso Kiyomizu
|
0-0: Ball 1-0: SINGLE (Groundball, 34D)
|
Batting: RHB Richard Jost
|
0-0: Ball 1-0: Called Strike 1-1: Called Strike Shunso Kiyomizu is caught stealing 2nd base 1-2: Ball 2-2: Fly out, F8 (Flyball, 8LM)
|
Top of the 8th over - 0 runs, 1 hit, 0 errors, 0 left on base; Buckhead 3 - Chicago 3 |
BOTTOM OF THE 8TH |
Chicago Gold Sox batting - Pitching for Buckhead Bowties : LHP Yajirobei Otomo
|
Batting: LHB Shigenobu Ohayashi
|
0-0: Foul Ball, location: 2F 0-1: Ball 1-1: SINGLE (Flyball, 8LS)
|
Batting: RHB Jay Hood
|
0-0: Sac Bunt - play at first, batter OUT! 1-4 Shigenobu Ohayashi to second
|
Batting: RHB Felix Plugge
|
0-0: Called Strike 0-1: Ball 1-1: Ball 2-1: Fly out, F7 (Flyball, 78S)
|
Batting: RHB Hirohisa Ogasawara
|
0-0: Called Strike 0-1: Fly out, F3 (Popup, 3F)
|
Bottom of the 8th over - 0 runs, 1 hit, 0 errors, 1 left on base; Buckhead 3 - Chicago 3 |
TOP OF THE 9TH |
Buckhead Bowties batting - Pitching for Chicago Gold Sox : RHP Tomás Huesca
|
Pitching: RHP Toshiki Yokoyama
|
|
Batting: RHB Daniel McCoy
|
0-0: Called Strike 0-1: Ball 1-1: Ball 2-1: Fly out, F7 (Flyball, 7LM)
|
Batting: LHB Félix López
|
0-0: Ball 1-0: Called Strike 1-1: Swinging Strike 1-2: Strikes out swinging
|
Batting: RHB Raúl Ruíz
|
0-0: Ground out 1-3 (Groundball, 15S)
|
Top of the 9th over - 0 runs, 0 hits, 0 errors, 0 left on base; Buckhead 3 - Chicago 3 |
BOTTOM OF THE 9TH |
Chicago Gold Sox batting - Pitching for Buckhead Bowties : LHP Yajirobei Otomo
|
Batting: RHB Mario Álvarez
|
0-0: Ball 1-0: Called Strike 1-1: Swinging Strike 1-2: Ball 2-2: Ball 3-2: SINGLE (Groundball, 34) (infield hit)
|
Batting: RHB Ramón Rodríguez
|
0-0: Called Strike 0-1: Ball 1-1: Ball 2-1: Ball 3-1: Base on Balls Mario Álvarez to second
|
Batting: RHB Zeus Preckwinkle
|
0-0: Ball 1-0: Swinging Strike 1-1: Foul Ball, location: 2F 1-2: Strikes out looking
|
Batting: RHB Shimei Miura
|
0-0: SINGLE (Groundball, 56D) Mario Álvarez to third Ramón Rodríguez to second Runner from 3rd tries for Home, SAFE, throw made home
|
Friday, March 29th, 2019 - OOTP Baseball 18.8 Build 76
|
|